 Dungeon Crawl Stone Soup version 0.30-a0-1082-g70414cbcbb (webtiles) character file.

Game seed: 2693916754545512628

18 fortdeath9 the Conjurer (level 2, -9/20 HPs)
             Began as a Draconian Conjurer on Apr 16, 2023.
             Mangled by Sigmund
             ... wielding a +2 heavy scythe
              (11 damage)
             ... on level 2 of the Dungeon.
             The game lasted 00:08:22 (951 turns).

fortdeath9 the Conjurer (Draconian Conjurer)         Turns: 951, Time: 00:08:23

Health: -9/20      AC:  4    Str:  9    XL:     2   Next: 51%
Magic:  5/5        EV: 12    Int: 18    God:
Gold:   37         SH:  0    Dex:  9    Spells: 4/5 levels left

rFire   . . .      SeeInvis .    c - +0 dagger
rCold   . . .      Faith    .    (no shield)
rNeg    . . .      Spirit   .    (body armour unavailable)
rPois   .          Reflect  .    (helmet restricted)
rElec   .          Rampage  .    (no cloak)
rCorr   .                        (no gloves)
Will    .....                    (no boots)
Stlth   ++                       (no amulet)
HPRegen 0.23/turn                (no ring)
MPRegen 0.09/turn                (no ring)

@: flying
A: AC +4, unfitting armour, cold-blooded
a: no special abilities


You were on level 2 of the Dungeon.
You visited 1 branch of the dungeon, and saw 2 of its levels.

You collected 37 gold pieces.

Inventory:

Hand Weapons
 c - a +0 dagger (weapon)
Missiles
 h - a throwing net
Potions
 b - 2 potions of degeneration {unknown}
 d - 2 potions of heal wounds {unknown}
 e - a potion of curing {unknown}
 f - a potion of cancellation {unknown}
 i - a potion of flight
 j - a potion of attraction {unknown}


   Skills:
 + Level 2.0 Dodging
 + Level 1.7 Stealth
 + Level 2.3 Spellcasting
 + Level 4.4 Conjurations


You had 4 spell levels left.
You knew the following spells:

 Your Spells              Type           Power      Damage    Failure   Level
a - Magic Dart            Conj           72%        1d6       2%          1

Your spell library contained the following spells:

 Spells                   Type           Power      Damage    Failure   Level
 Searing Ray              Conj           36%        2d5       4%          2
 Dazzling Flash           Conj/Hex       20%        N/A       22%         3
 Fulminant Prism          Conj/Hex       5%         3d7       56%         4
 Iskenderun's Mystic Bla  Conj/Tloc      10%        2d4       56%         4


Dungeon Overview and Level Annotations

Branches:
Dungeon (2/15)

Altars:

Annotations:
D:2 Natasha, Sigmund


Innate Abilities, Weirdness & Mutations

Your plain brown scales are hard. (AC +4)
You cannot fit into any form of body armour.
You are cold-blooded and may be slowed by cold attacks.


Message History

Press: ? - help, Shift-Dir - straight line, f/p - Sigmund
Aim: Sigmund, wielding a +2 heavy scythe and wearing a +0 robe (lightly wounded, 100% to hit)
The magic dart hits Sigmund.
Sigmund is lightly wounded.
A goblin comes into view. It is wielding a +0 club.
Natasha, Servant of Life and Death comes into view.
Natasha mumbles some strange words.
Casting: Magic Dart (safe; 2% risk of failure)
Confirm with . or Enter, or press ? or * to list all spells.
Aiming: Magic Dart (safe; 2% risk of failure)
Press: ? - help, Shift-Dir - straight line, f/p - Sigmund
Aim: Sigmund, wielding a +2 heavy scythe and wearing a +0 robe (lightly wounded, 100% to hit)
The magic dart hits Sigmund but does no damage.
Sigmund is lightly wounded.
Sigmund says, "Look into my eyes."
Sigmund points at you and mumbles some strange words.
The magic dart hits you.
It was a potion of flight.
You feel very buoyant.
You fly up into the air.
The cerulean imp hits you from afar with a +0 spear.
Natasha casts a spell at you. The magic dart hits you.
Sigmund mumbles some strange words.
Sigmund flickers and vanishes!
Deactivating autopickup; reactivate with Ctrl-A.
An endoplasm comes into view.
As you read the scroll of torment, it crumbles to dust.
Your body is wracked with pain!
* * * LOW HITPOINT WARNING * * *
Something is bathed in an unholy light!
Natasha convulses!
The goblin convulses!
The endoplasm convulses!
The endoplasm quivers.
The cerulean imp hits you but does no damage.
Magic courses through your body. Natasha closely misses you.
The cerulean imp hits you from afar with a +0 spear.
* * * LOW HITPOINT WARNING * * *
Something hits you!
Ouch! That really hurt!
You die...

!# .# .# .#
# .# ###. #.
.#..... #..
###.g.J..g
#...#.<.#.##
#..5h@.{...#
#.###...#..#
.......#
#######.# #


You could see Natasha, a cerulean imp (summoned), an endoplasm and a goblin.

Vanquished Creatures
  A ball python (D:1)
  A bat (D:1)
  2 endoplasms
  2 giant cockroaches (D:1)
  6 goblins (D:1)
  A frilled lizard (D:1)
  A kobold (D:1)
  2 rats (D:1)
16 creatures vanquished.

Notes
Turn   | Place    | Note
-------+----------+-------------------------------------------
     0 | D:1      | fortdeath9 the Draconian Conjurer began the quest for the
                  | Orb.
     0 | D:1      | Reached XP level 1. HP: 14/14 MP: 3/3
   351 | D:1      | Reached XP level 2. HP: 20/20 MP: 3/5
   942 | D:2      | Noticed Sigmund
   947 | D:2      | Noticed Natasha
   951 | D:2      | Mangled by Sigmund

Illustrated notes

Levels and vault maps discovered:
D:1:      elethiomel_arrival_infinity_welcomes_careful_drivers,
          layout_loops_corners
D:2:      layout_basic, uniq_terence, uniq_crazy_yiuf_cottage, uniq_natasha,
          uniq_sigmund

Skill      XL: |  1  2 |
---------------+-------+-----
Dodging        | 2 |  2.0
Stealth        | |  1.7
Spellcasting   | |  2.3
Conjurations   | |  4.4

Action                     || total
---------------------------++-------
  Melee: Unarmed           ||    11
         Dagger            ||    15
         Tailslap          ||     1
   Cast: Magic Dart        ||    26
    Use: Scroll            ||     2
         Potion            ||     2
 Armour: Skin              ||    10
  Dodge: Dodged            ||    12

Table legend: (Time is in decaauts)
 A = Elapsed time spent in this place.
 B = Non-inter-level travel time spent in this place.
 C = Inter-level travel time spent in this place.
 D = Time resting spent in this place.
 E = Time spent auto-exploring this place.
 F = Levels seen in this place.
 G = Mean time per level.
                   A        B        C        D        E       F      G
               +--------+--------+--------+--------+--------+-----+--------+
         Total |    952 |    952 |      0 |     69 |    507 |   2 |  476.0 |
       Dungeon |    952 |    952 |      0 |     69 |    507 |   2 |  476.0 |
               +--------+--------+--------+--------+--------+-----+--------+

Top non-repeatable levels by time:
     D:1: 943 daAuts
     D:2: 8 daAuts
